 Dungeon Crawl Stone Soup version 0.25-a0-265-g7af84ae0ac (webtiles) character file.

Game seed: 10810632933656583798, levelgen mode: deterministic

142 Arixos the Firebug (level 5, 0/28 HPs)
             Began as a Deep Elf Fire Elementalist on Dec 8, 2019.
             Slain by a killer bee (3 damage)
             ... on level 4 of the Dungeon.
             The game lasted 00:14:31 (2762 turns).

Arixos the Firebug (Deep Elf Fire Elementalist)     Turns: 2762, Time: 00:14:31

Health: 0/28       AC:  7    Str: 10    XL:     5   Next: 3%
Magic:  12/13      EV: 13    Int: 27    God:
Gold:   127        SH:  0    Dex: 15    Spells: 4/12 levels left

rFire    . . .     SeeInvis .   h - +0 dagger
rCold    . . .     Gourm    .   (no shield)
rNeg     . . .     Faith    .   r - +2 leather armour {rPois}
rPois    +         Spirit   .   (no helmet)
rElec    .         Reflect  .   (no cloak)
rCorr    .         Harm     .   m - +0 pair of gloves
MR       +....                  j - +0 pair of boots
Stlth    ++........             (no amulet)
HPRegen  0.09/turn              g - ring of protection from magic
MPRegen  0.13/turn              n - +6 ring of intelligence

@: mighty
A: no striking features
a: no special abilities


You were on level 4 of the Dungeon.
You were not hungry.

You visited 1 branch of the dungeon, and saw 4 of its levels.

You collected 127 gold pieces.

Inventory:

Hand Weapons
 h - a +0 dagger (weapon)
Armour
 j - a +0 pair of boots (worn)
 m - a +0 pair of gloves (worn)
 r - a +2 leather armour of poison resistance (worn)
Jewellery
 g - a ring of protection from magic (left hand)
 n - a +6 ring of intelligence (right hand)
Scrolls
 b - a scroll of random uselessness {unknown}
 d - a scroll of enchant armour {unknown}
 k - a scroll of blinking {unknown}
 l - 5 scrolls of identify
 o - a scroll of fear {unknown}
 p - 2 scrolls of remove curse {unknown}
 q - a scroll of fog {unknown}
Potions
 i - a potion of brilliance {unknown}
Comestibles
 c - 5 rations
 f - 2 chunks of flesh


   Skills:
 + Level 0.2 Fighting
 + Level 3.5 Dodging
 - Level 2.4 Stealth
 + Level 4.2 Spellcasting
 * Level 2.8 Conjurations
 * Level 4.3 Fire Magic


You had 4 spell levels left.
You knew the following spells:

 Your Spells              Type           Power        Failure   Level  Hunger
a - Foxfire               Conj/Fire      ####         2%          1    None
f - Conjure Flame         Conj/Fire      ####....     7%          3    ##.....
q - Sticky Flame          Conj/Fire      ####....     24%         4    ####...

Your spell library contained the following spells:

 Spells                   Type           Power        Failure   Level  Hunger
 Inner Flame              Hex/Fire       ###.....     13%         3    ##.....
 Fireball                 Conj/Fire      ####......   54%         5    #####..


Dungeon Overview and Level Annotations

Branches:
Dungeon (4/15)
 Temple: D:4-7

Altars:


Message History

Confirm with . or Enter, or press ? or * to list all spells.
You conjure some foxfire!
The killer bee barely misses you. The killer bee stings you.
* * * LOW HITPOINT WARNING * * *
The killer bee misses you. x2; The orc hits you but does no damage.
The orc hits your foxfire with a +0 hand axe.
You feel better.
The foxfire hits the killer bee.
The killer bee is moderately wounded.
The foxfire hits the orc.
The orc is almost dead.
The killer bee closely misses you. The killer bee stings you!
* * * LOW HITPOINT WARNING * * *
The killer bee stings you.
* * * LOW HITPOINT WARNING * * *
The killer bee stings you but does no damage.
It was a potion of might.
You feel very mighty all of a sudden.
The killer bee stings you but does no damage.
The killer bee stings you.
You die...

# .# ##
.# #
.###.##.#
.......#
#.o...#
#@y.#
#y.##
.....
..#.##.#
... .# #
.... .#
..... .#
#..... .#


You could see 2 killer bees and an orc.

Vanquished Creatures
  A gnoll (D:1)
  4 adders
  3 oozes (D:2)
  4 worms
  3 dart slugs
  17 bats
  A giant cockroach (D:3)
  9 goblins
  8 hobgoblins
  4 jackals (D:2)
  2 frilled lizards
  6 kobolds
  9 rats
71 creatures vanquished.

Vanquished Creatures (others)
  127 foxfires
127 creatures vanquished.

Grand Total: 198 creatures vanquished

Notes
Turn   | Place    | Note
-------+----------+-------------------------------------------
     0 | D:1      | Arixos the Deep Elf Fire Elementalist began the quest for
                  | the Orb.
     0 | D:1      | Reached XP level 1. HP: 10/10 MP: 6/6
   220 | D:1      | Reached XP level 2. HP: 14/15 MP: 2/8
   411 | D:1      | Reached XP level 3. HP: 19/19 MP: 8/10
   523 | D:1      | Learned a level 3 spell: Conjure Flame
  1207 | D:2      | Reached XP level 4. HP: 13/24 MP: 7/11
  1873 | D:2      | Learned a level 4 spell: Sticky Flame
  2543 | D:3      | Reached XP level 5. HP: 28/28 MP: 10/13
  2762 | D:4      | Slain by a killer bee

Levels and vault maps discovered:
D:1:      lightli_arrival_noodles, layout_basic
D:2:      layout_loops_ring, first_ration
D:3:      minmay_general_purpose_star, layout_basic, okawaru_metal_pillars_1_2
D:4:      minmay_wonky_spiral, layout_loops_ring, minmay_temple_entry_arrows

Skill      XL: |  1  2  3  4 |
---------------+-------------+-----
Dodging        | 3 |  3.5
Conjurations   | 2 |  2.8
Fire Magic     | 4 |  4.3
Spellcasting   | 4 |  4.2
Fighting       | |  0.2
Stealth        | |  2.4

Action                   |  1- 3 |  4- 6 || total
-------------------------+-------+-------++-------
Melee: Spear             |     2 |       ||     2
       Dagger            |    44 |    37 ||    81
 Cast: Foxfire           |    39 |    38 ||    77
  Use: Scroll            |       |     1 ||     1
       Potion            |       |     3 ||     3
 Stab: Sleeping          |     5 |     8 ||    13
  Eat: Chunk             |     1 |     5 ||     6
Armor: Robe              |     3 |       ||     3
       Leather armour    |    32 |    21 ||    53
Dodge: Dodged            |    57 |    49 ||   106

Table legend:
 A = Non-vault XP
 B = Vault XP
 C = Vault XP percentage of total XP
 D = Non-vault monster count
 E = Vault monster count
 F = Vault count percentage of total count
                 A         B        C        D         E       F
            +---------+---------+-------+---------+---------+-------
      Total |     184 |      19 |   9.4 |      65 |       6 |   8.5
            +---------+---------+-------+---------+---------+-------
        D:1 |      56 |       0 |   0.0 |      26 |       0 |   0.0
        D:2 |      86 |       0 |   0.0 |      31 |       0 |   0.0
        D:3 |      42 |      19 |  31.1 |       8 |       6 |  42.9
            +---------+---------+-------+---------+---------+-------
